 Dungeon Crawl Stone Soup version 0.31-a0-963-ga325b2283a (webtiles) character file.

Game seed: 13288786724821489724

156 LeprechaunX the Changeling (level 5, 0/34 HPs)
             Began as an Octopode Shapeshifter on Oct 25, 2023.
             Slain by an orc wizard
             ... wielding a +0 dagger
              (4 damage)
             ... on level 2 of the Dungeon.
             The game lasted 00:03:28 (2004 turns).

LeprechaunX the Changeling (Octopode Shapeshifter)  Turns: 2004, Time: 00:03:29

Health: 0/34       AC:  1    Str: 14    XL:     5   Next: 38%
Magic:  6/6        EV: 11    Int: 12    God:
Gold:   78         SH:  0    Dex: 13    Spells: 4/6 levels left

rFire   . .          .
                       - Unarmed
rCold   + . .        s - +0 kite shield
rNeg    . . .        (helmet currently unavailable)
rPois   .            f - amulet of the acrobat
rElec   .            d - ring of protection from cold
rCorr   .            (no ring)
SInv    .            (no ring)
Will    .....        (no ring)
Stlth   ++           (no ring)
HPRegen 0.25/turn    (no ring)
MPRegen 0.10/turn    (no ring)
                     (no ring)

%: acrobat
@: confused, beast-form
A: beast (slay +2), almost no armour, amphibious, 8 rings, camouflage 1,
gelatinous body 1, (nimble swimmer 1), tentacles
a: Begin Untransformation


You were on level 2 of the Dungeon.
You were a hulking beast.
You visited 1 branch of the dungeon, and saw 3 of its levels.

You collected 78 gold pieces.

Inventory:

Armour
 s - a +0 kite shield (worn)
Jewellery
 d - a ring of protection from cold (left tentacle)
 f - an amulet of the acrobat (around mantle)
Talismans
 b - a beast talisman (active)
 c - a flux talisman
 j - a storm talisman
Scrolls
 e - 4 scrolls of identify {unknown}
 h - a scroll of revelation {unknown}
 i - a scroll of fog {unknown}
 l - a scroll of brand weapon {unknown}
 n - a scroll of vulnerability {unknown}
 p - a scroll of blinking {unknown}
Potions
 a - 2 potions of lignification
 g - a potion of curing {unknown}
 k - a potion of magic {unknown}
 m - a potion of heal wounds
 o - a potion of berserk rage {unknown}
 q - a potion of enlightenment {unknown}
 r - a potion of haste {unknown}


   Skills:
 + Level 2.1 Fighting
 - Level 2.0 Dodging
 + Level 0.3 Shields
 + Level 3.6 Unarmed Combat
 + Level 1.2 Spellcasting
 + Level 1.3 Transmutations
 * Level 4.1 Shapeshifting


You had 4 spell levels left.
You knew the following spells:

 Your Spells              Type           Power      Damage    Failure   Level
a - Wereblood             Tmut           3%         N/A       69%         2

Your spell library contained the following spells:

 Spells                   Type           Power      Damage    Failure   Level
 Passwall                 Tmut/Erth      1%         N/A       78%         2
 Ensorcelled Hibernation  Hex/Ice        0%         N/A       86%         2
 Swiftness                Air            0%         N/A       98%         3
 Irradiate                Conj/Tmut      1%         3d12      100%        5


Dungeon Overview and Level Annotations

Branches:
Dungeon (3/15)

Altars:
Makhleb


Innate Abilities, Weirdness & Mutations

You are a hulking beast.
Your limbs bulge with bestial killing power. (Slay +2)
You cannot wear most types of armour.
You are amphibious.
You can wear up to eight rings at the same time.
Your skin changes colour to match your surroundings (Stealth+).
Your rubbery body absorbs attacks. (AC +1, EV +1)
((You are camouflaged when in or above water. (Stealth+)))
You have tentacles for arms and can constrict up to eight enemies at once.


Message History

You hear some strange, mumbled words.
Something tries to affect you, but you resist.
The jackal closely misses you.
You climb upwards.
Reactivating autopickup.
There is a stone staircase leading down here.
You closely miss the jackal. You grab the jackal. You constrict the jackal.
The jackal bites you. Something hits you.
Deactivating autopickup; reactivate with Ctrl-A.
You tentacle-slap the jackal. You squeeze the jackal.
You kill the jackal!
Something hits you.
You miss something. Something hits you.
You hear some strange, mumbled words.
A magic dart appears from out of thin air!
The magic dart hits you!
* * * LOW HITPOINT WARNING * * *
You miss something. Something hits you.
* * * LOW HITPOINT WARNING * * *
It was a potion of heal wounds.
You feel much better. Something hits you.
You miss something. Something hits you.
You barely miss something. You squeeze something! Something hits you.
You barely miss something. Something hits you.
You barely miss something. You block something's attack.
You closely miss something. Something hits you.
* * * LOW HITPOINT WARNING * * *
You miss something.
Your tentacle-slap misses something.
You hear some strange, mumbled words.
You are confused.
You hear some strange, mumbled words.
You are more confused.
Something hits you.
* * * LOW HITPOINT WARNING * * *
You see here a jackal corpse.
You tentacle-slap something. Your squeeze misses something. Something hits you.
* * * LOW HITPOINT WARNING * * *
You bump into the rock wall.
Something hits you.
* * * LOW HITPOINT WARNING * * *
You barely miss something. Something hits you.
You die...

#....# #..#### #.#
###..#######.)#######.#########
#...........................###
##.########.###############....
#.# ###.# ###.. #.# #...# #.#
#.# #.### ##### #.# #.#
#.########...# #.# #.#
#.....h{...#.# ##.#
#.###############...# ##...
#................#.#######....
################.#............
#.###########.# #.# ##.# #.#
#... #.##########...
#..............


There were no monsters in sight!

Vanquished Creatures
  An orc wizard (D:3)
  3 gnolls (D:2)
  5 adders
  A dart slug (D:2)
  An orc (D:3)
  4 ball pythons
  5 endoplasms
  4 giant cockroaches
  4 goblins
  5 hobgoblins
  4 jackals (D:2)
  2 kobolds
  A quokka (D:1)
  4 bats (D:1)
  5 frilled lizards
  6 rats
55 creatures vanquished.

Notes
Turn   | Place    | Note
-------+----------+-------------------------------------------
     0 | D:1      | LeprechaunX the Octopode Shapeshifter began the quest for
                  | the Orb.
     0 | D:1      | Reached XP level 1. HP: 13/13 MP: 1/1
   142 | D:1      | Reached XP level 2. HP: 11/18 MP: 2/2
   404 | D:1      | Found a faded altar of an unknown god.
   545 | D:1      | Reached XP level 3. HP: 22/23 MP: 3/3
   974 | D:1      | Learned a level 2 spell: Wereblood
  1299 | D:2      | Reached XP level 4. HP: 29/29 MP: 3/5
  1487 | D:2      | Reached skill level 1 in Spellcasting
  1608 | D:2      | Reached skill level 1 in Transmutations
  1675 | D:2      | Found a burning altar of Makhleb.
  1750 | D:2      | Reached skill level 4 in Shapeshifting
  1750 | D:2      | Reached XP level 5. HP: 33/34 MP: 6/6
  1993 | D:2      | HP: 1/34 [something (3)]
  2004 | D:2      | Slain by an orc wizard

Illustrated notes

Levels and vault maps discovered:
D:1:      wander_arrival_fairy_ring, layout_basic, shapermc_ecumenical_altar_gd,
          chequers_serial_rivers_small_a, minmay_pentomino_v2
D:2:      layout_loops_ring, basic_altar
D:3:      layout_loops_corners, nicolae_yredelemnul_ghost_church, serial_rivers,
          chequers_serial_rivers_large_b, chequers_serial_rivers_micro_d,
          chequers_serial_rivers_micro_c, chequers_serial_rivers_small_a,
          chequers_serial_rivers_marsh, chequers_serial_rivers_small_b,
          nicolae_kite_square_tiling_tiny, grunt_decor_resistance,
          minmay_unequal

Skill      XL: |  1  2  3  4 |
---------------+-------------+-----
Spellcasting   | 1 |  1.2
Fighting       | 2 |  2.1
Transmutations | 1 |  1.3
Shapeshifting  | 4 |  4.1
Dodging        | |  2.0
Shields        | |  0.3
Unarmed Combat | |  3.6

Action                     |  1- 3 |  4- 6 || total
---------------------------+-------+-------++-------
  Melee: Unarmed           |    83 |    53 ||   136
         Constrict         |    19 |    13 ||    32
         Tentacles         |    12 |    13 ||    25
         Punch             |     1 |     1 ||     2
    Use: Potion            |       |     1 ||     1
   Stab: Sleeping          |     5 |     3 ||     8
 Armour: Skin              |    30 |    27 ||    57
  Dodge: Dodged            |    68 |    23 ||    91
  Block: Kite shield       |       |     3 ||     3
   Form: Storm             |       |     1 ||     1
         Beast             |       |     1 ||     1

Table legend: (Time is in decaauts)
 A = Elapsed time spent in this place.
 B = Non-inter-level travel time spent in this place.
 C = Inter-level travel time spent in this place.
 D = Time resting spent in this place.
 E = Time spent auto-exploring this place.
 F = Levels seen in this place.
 G = Mean time per level.
                   A        B        C        D        E       F      G
               +--------+--------+--------+--------+--------+-----+--------+
         Total |   2000 |   1901 |     99 |     17 |   1486 |   3 |  666.7 |
       Dungeon |   2000 |   1901 |     99 |     17 |   1486 |   3 |  666.7 |
               +--------+--------+--------+--------+--------+-----+--------+

Top non-repeatable levels by time:
     D:1: 1003 daAuts
     D:2: 931 daAuts
     D:3: 65 daAuts
